 Dungeon Sprint DCSS version 0.17-a0-1718-g72dbe4d (webtiles) character file.

18500000 ztt the Axe Maniac (level 27, -137/298 HPs)
             Began as a Deep Dwarf Gladiator on Aug 25, 2015.
             Was the Champion of Makhleb.
             Annihilated by a fleshlord
             ... wielding a +9 great mace
              (196 damage)
             ... in the Dungeon (Sprint VIII: "Arena of Blood").
             The game lasted 00:06:06 (185 turns).

ztt the Axe Maniac (Deep Dwarf Gladiator)            Turns: 185, Time: 00:06:06

Health: -137/298   AC:  8    Str: 32    XL:     27
Magic:  54/54      EV: 28    Int:  9    God:    Makhleb [******]
Gold:   0          SH:  0    Dex: 13    Spells: 0 memorised, 80 levels left

rFire  . . .     SeeInvis +     m - +∞ Axe of Woe
rCold  . . .     Clarity  .     b - +0 leather armour
rNeg   + . .     SustAt   .     (no shield)
rPois  .         Gourm    .     c - +0 helmet
rElec  .         Spirit   .     (no cloak)
rCorr  .         Warding  .     (no gloves)
rMut   .         NoTele   +     (no boots)
MR     ++++.                    (no amulet)
Stlth  +++++++++.               g - +400 ring of slaying
                                n - ring of see invisible

@: lethally poisoned (-137 -> -137), non-regenerating, incredibly resistant to
hostile enchantments, incredibly stealthy
A: damage resistance, recharge devices, negative energy resistance 1, sense
surroundings 3, slow healing 3
a: Device Recharging, Minor Destruction, Lesser Servant of Makhleb, Major
Destruction, Greater Servant of Makhleb, Renounce Religion


You were in the Dungeon.
You worshipped Makhleb.
Makhleb was exalted by your worship.
You were not hungry.

You visited 1 branch

Inventory:

Hand weapons
 a - a +0 war axe
 m - the +∞ Axe of Woe (weapon)
   (You found it in the Dungeon)
Missiles
 d - 3 throwing nets (quivered)
Armour
 b - a +0 leather armour (worn)
 c - a +0 helmet (worn)
Jewellery
 g - a +400 ring of slaying (right hand)
 n - a ring of see invisible (left hand)
Magical devices
 e - a wand of heal wounds (5)
Scrolls
 l - a scroll of blinking
Potions
 h - a potion of heal wounds
 i - a potion of haste
 j - 2 potions of magic
 k - a potion of berserk rage
Comestibles
 f - a bread ration


   Skills:
 O Level 27 Fighting
 O Level 27 Axes
 O Level 27 Throwing
 O Level 27 Armour
 O Level 27 Dodging
 O Level 27 Stealth
 O Level 27 Unarmed Combat
 O Level 27 Spellcasting
 O Level 27 Invocations
 O Level 27 Evocations


You had 80 spell levels left.
You didn't know any spells.

Dungeon Overview and Level Annotations

Branches:
Dungeon (1/1)

Altars:
Makhleb


Innate Abilities, Weirdness & Mutations

You are resistant to damage.
You can recharge devices by infusing magical energy.
You resist negative energy.
You passively map a large area around you.
You do not heal naturally.


Message History

A hell knight and a skeletal warrior come into view.
Unknown command.
An orc and a large abomination come into view.
The fleshlord shouts!
You hear a shout!
You hear a shout!
The scourge is engulfed in poison gas.
The scourge is poisoned.
You hear a shout!
The eight-headed meat hydra calls on the powers of darkness!
The eight-headed meat hydra convulses!
The scourge convulses!
The scourge convulses! x2
The meat berserker convulses!
The eight-headed meat hydra convulses!
The fleshlord convulses!
The scourge convulses!
Your body is wracked with pain!
* * * LOW HITPOINT WARNING * * *
You hear a shout! x3
The fleshlord casts a spell.
The fleshlord seems to speed up.
You hear a shout!
The meat berserker misses you.
The fleshlord hits you with a +9 great mace!!!!!
Ouch! That really hurt!
You die...

......#.......#.., ....Oz ,*
......)))..%..... p..oD....., ,,
#.....).)........ #§S.#...... ,
......)).).......#.§z.#.%...
#......%)....%.##SS...#..... .
...o.#...o...%#.))x..#....##..
,.......)xz..%S#D)O###....#....
....##)#pp..%x.Sp))....#......
..%.....)X....O@)x))).........**
,####..%%#.....####)))).....#
,........)).))...#%))))).####
.....%..).).)..%)).).####
###.......).)%%..)####
#################


You could see 2 eight-headed meat hydras, 5 scourges, 3 fleshlords, 2 sculptors
of flesh, a large abomination, 2 meat berserkers, 2 small abominations and 2
bags of meat.

Vanquished Creatures
  7 hell knights (D)
  9 hell beasts (D)
  3 greater mummies (D)
  5 wraiths (D)
  10 vampire knights (D)
  35 ogres (D)
  8 liches (D)
  9 hydras (D)
  56 orcs (D)
  5 phantoms (D)
  6 hill giants (D)
  3 skeletal warriors (D)
  5 sea snakes (D)
  9 large abominations (D)
  9 small abominations (D)
  7 crawling corpses (D)
186 creatures vanquished.

Vanquished Creatures (others)
  An orc (D)
1 creature vanquished.

Grand Total: 187 creatures vanquished

Notes
Turn   | Place    | Note
--------------------------------------------------------------
     0 | D        | ztt the Deep Dwarf Gladiator began the quest for the Orb.
     0 | D        | Reached XP level 1. HP: 19/19 MP: 1/1
     3 | D        | Noticed a bag of meat
     3 | D        | Noticed a bag of meat
     4 | D        | Noticed a meat berserker
     4 | D        | Became a worshipper of Makhleb the Destroyer
     5 | D        | Noticed a bag of meat
     7 | D        | Noticed a bag of meat
     7 | D        | Killed a bag of meat
     7 | D        | Reached skill level 9 in Fighting
     7 | D        | Reached skill level 19 in Axes
     7 | D        | Reached XP level 2. HP: 23/40 MP: 2/2
     7 | D        | Reached XP level 3. HP: 27/48 MP: 3/3
     7 | D        | Reached XP level 4. HP: 30/55 MP: 4/4
     7 | D        | Reached XP level 5. HP: 33/62 MP: 5/5
     7 | D        | Reached XP level 6. HP: 37/70 MP: 6/6
     7 | D        | Reached XP level 7. HP: 40/76 MP: 7/7
     7 | D        | Reached XP level 8. HP: 44/85 MP: 8/8
     7 | D        | Gained mutation: You passively map the area around you. [Deep Dwarf growth]
     7 | D        | Reached XP level 9. HP: 47/92 MP: 9/9
     7 | D        | Reached XP level 10. HP: 50/99 MP: 10/10
     7 | D        | Reached XP level 11. HP: 53/106 MP: 11/11
     7 | D        | Killed a bag of meat
     7 | D        | Acquired Makhleb's first power
     7 | D        | Reached skill level 10 in Fighting
     7 | D        | Reached skill level 21 in Axes
     7 | D        | Reached skill level 10 in Throwing
     7 | D        | Reached XP level 12. HP: 56/118 MP: 12/12
     8 | D        | Killed a meat berserker
     8 | D        | Reached skill level 25 in Axes
     8 | D        | Reached XP level 13. HP: 124/130 MP: 13/13
     8 | D        | Gained mutation: You resist negative energy. [Deep Dwarf growth]
     8 | D        | Reached XP level 14. HP: 132/139 MP: 14/14
     9 | D        | Noticed a bag of meat
     9 | D        | Noticed a bag of meat
    10 | D        | Noticed a bag of meat
    11 | D        | Noticed a bag of meat
    11 | D        | Noticed a bag of meat
    12 | D        | Noticed a bag of meat
    12 | D        | Noticed a meat berserker
    12 | D        | Noticed a bag of meat
    12 | D        | Killed a bag of meat
    12 | D        | Acquired Makhleb's second power
    12 | D        | Reached skill level 26 in Axes
    12 | D        | Killed a bag of meat
    12 | D        | Reached skill level 27 in Axes
    12 | D        | Reached skill level 27 in Dodging
    12 | D        | Reached XP level 15. HP: 147/152 MP: 15/15
    13 | D        | Noticed a bag of meat
    13 | D        | Noticed a meat berserker
    13 | D        | Noticed a bag of meat
    14 | D        | Noticed a meat berserker
    15 | D        | Noticed a meat berserker
    15 | D        | Killed a bag of meat
    15 | D        | Acquired Makhleb's third power
    15 | D        | Reached skill level 15 in Throwing
    16 | D        | Noticed a meat berserker
    16 | D        | Killed a meat berserker
    16 | D        | Reached XP level 16. HP: 169/182 MP: 16/16
    16 | D        | Killed a meat berserker
    16 | D        | Killed a bag of meat
    16 | D        | Acquired Makhleb's fourth power
    16 | D        | Reached XP level 17. HP: 196/202 MP: 17/17
    17 | D        | Killed a bag of meat
    17 | D        | Killed a bag of meat
    17 | D        | Acquired Makhleb's fifth power
    17 | D        | Reached skill level 27 in Fighting
    18 | D        | Noticed a bag of meat
    18 | D        | Noticed a bag of meat
    18 | D        | Noticed a large bag of meat
    18 | D        | Killed a bag of meat
    18 | D        | Reached skill level 27 in Throwing
    18 | D        | Killed a bag of meat
    18 | D        | Reached skill level 5 in Unarmed Combat
    18 | D        | Reached skill level 5 in Spellcasting
    18 | D        | Gained mutation: You passively map a large area around you. [Deep Dwarf growth]
    18 | D        | Reached XP level 18. HP: 218/218 MP: 17/25
    18 | D        | Killed a bag of meat
    18 | D        | Reached skill level 10 in Invocations
    18 | D        | Reached skill level 10 in Evocations
    19 | D        | Killed a meat berserker
    19 | D        | Reached skill level 15 in Stealth
    19 | D        | Reached skill level 10 in Spellcasting
    21 | D        | Killed a meat berserker
    21 | D        | Reached skill level 15 in Armour
    21 | D        | Reached XP level 19. HP: 215/226 MP: 17/35
    21 | D        | Killed a bag of meat
    21 | D        | Killed a meat berserker
    23 | D        | Noticed a meat berserker
    23 | D        | Noticed a bag of meat
    23 | D        | Noticed a bag of meat
    23 | D        | Noticed a large bag of meat
    23 | D        | Noticed a large bag of meat
    23 | D        | Noticed a meat berserker
    24 | D        | Noticed a meat berserker
    26 | D        | Noticed a bag of meat
    26 | D        | Noticed a bag of meat
    26 | D        | Noticed a bag of meat
    26 | D        | Killed a bag of meat
    26 | D        | Reached skill level 15 in Spellcasting
    26 | D        | Killed a bag of meat
    26 | D        | Reached XP level 20. HP: 236/236 MP: 18/40
    26 | D        | Killed a meat berserker
    27 | D        | Noticed a bag of meat
    28 | D        | Killed a large bag of meat
    29 | D        | Noticed a bag of meat
    29 | D        | Killed a bag of meat
    29 | D        | Killed a large bag of meat
    30 | D        | Killed a meat berserker
    30 | D        | Reached skill level 27 in Stealth
    30 | D        | Reached skill level 27 in Invocations
    30 | D        | Reached skill level 27 in Evocations
    30 | D        | Reached XP level 21. HP: 244/244 MP: 19/44
    30 | D        | Killed a meat berserker
    31 | D        | Noticed a meat berserker
    31 | D        | Noticed a bag of meat
    34 | D        | Killed a bag of meat
    34 | D        | Reached skill level 27 in Armour
    34 | D        | Killed a bag of meat
    34 | D        | Killed a bag of meat
    35 | D        | Killed a bag of meat
    35 | D        | Reached skill level 27 in Unarmed Combat
    35 | D        | Reached XP level 22. HP: 254/254 MP: 20/51
    36 | D        | Killed a large bag of meat
    36 | D        | Killed a bag of meat
    36 | D        | Reached skill level 27 in Spellcasting
    36 | D        | Killed a bag of meat
    37 | D        | Killed a bag of meat
    37 | D        | Killed a meat berserker
    38 | D        | Noticed a meat berserker
    38 | D        | Killed a bag of meat
    39 | D        | Noticed a bag of meat
    40 | D        | Noticed a bag of meat
    40 | D        | Noticed a destroyer
    40 | D        | Noticed a bag of meat
    40 | D        | Noticed a bag of meat
    43 | D        | Killed a meat berserker
    43 | D        | Reached XP level 23. HP: 262/262 MP: 22/54
    44 | D        | Noticed a destroyer
    46 | D        | Killed a bag of meat
    46 | D        | Killed a bag of meat
    48 | D        | Killed a destroyer
    48 | D        | Killed a bag of meat
    48 | D        | Killed a bag of meat
    48 | D        | Reached XP level 24. HP: 272/272 MP: 24/54
    49 | D        | Noticed a destroyer
    49 | D        | Killed a destroyer
    52 | D        | Noticed a meat berserker
    53 | D        | Noticed a bag of meat
    53 | D        | Noticed a meat berserker
    54 | D        | Noticed a destroyer
    54 | D        | Noticed a meat berserker
    54 | D        | Killed a meat berserker
    55 | D        | Killed a meat berserker
    56 | D        | Noticed a bag of meat
    56 | D        | Noticed a large bag of meat
    56 | D        | Killed a destroyer
    56 | D        | Reached XP level 25. HP: 280/280 MP: 26/54
    57 | D        | Noticed a tyrant
    58 | D        | Killed a tyrant
    59 | D        | Noticed a bag of meat
    59 | D        | Noticed a bag of meat
    59 | D        | Killed a bag of meat
    60 | D        | Noticed a meat berserker
    60 | D        | Noticed a bag of meat
    60 | D        | Noticed a bag of meat
    60 | D        | Noticed a large bag of meat
    61 | D        | Killed a destroyer
    61 | D        | Killed a bag of meat
    62 | D        | Noticed a meat berserker
    62 | D        | Noticed a bag of meat
    62 | D        | Noticed a bag of meat
    62 | D        | Noticed a bag of meat
    63 | D        | Noticed a meat berserker
    63 | D        | Noticed a large bag of meat
    63 | D        | Noticed a bag of meat
    64 | D        | Noticed a destroyer
    64 | D        | Killed a meat berserker
    64 | D        | Reached XP level 26. HP: 290/290 MP: 29/54
    65 | D        | Noticed a destroyer
    65 | D        | Noticed a bag of meat
    66 | D        | Noticed a dread
    66 | D        | Noticed a meat berserker
    66 | D        | Killed a bag of meat
    66 | D        | Killed a bag of meat
    67 | D        | Killed a destroyer
    67 | D        | Killed a bag of meat
    68 | D        | Noticed a bag of meat
    68 | D        | Killed a meat berserker
    69 | D        | Noticed a meat beast
    69 | D        | Killed a meat berserker
    69 | D        | Reached XP level 27. HP: 258/298 MP: 30/54
    70 | D        | Noticed a bag of meat
    70 | D        | Killed a large bag of meat
    70 | D        | Killed a destroyer
    71 | D        | Killed a meat beast
    72 | D        | Killed a bag of meat
    73 | D        | Noticed a bag of meat
    73 | D        | Killed a meat berserker
    73 | D        | Killed a meat berserker
    73 | D        | Killed a large bag of meat
    74 | D        | Killed a bag of meat
    74 | D        | Killed a large bag of meat
    75 | D        | Noticed a dread
    75 | D        | Noticed a meat berserker
    76 | D        | Noticed a meat berserker
    76 | D        | Noticed a wretched soul
    76 | D        | Killed a dread
    76 | D        | Killed a dread
    76 | D        | Killed a bag of meat
    76 | D        | Killed a bag of meat
    77 | D        | Noticed a meat berserker
    77 | D        | Noticed a meat berserker
    78 | D        | Noticed a meat beast
    78 | D        | Noticed a meat berserker
    78 | D        | Killed a bag of meat
    78 | D        | Killed a bag of meat
    78 | D        | Killed a bag of meat
    78 | D        | Killed a bag of meat
    79 | D        | Killed a meat berserker
    79 | D        | Killed a bag of meat
    80 | D        | Noticed a wretched soul
    80 | D        | Noticed a meat berserker
    80 | D        | Noticed a dread
    80 | D        | Killed a meat berserker
    80 | D        | Killed a wretched soul
    80 | D        | Killed a meat berserker
    81 | D        | Killed a meat beast
    81 | D        | Killed a meat berserker
    84 | D        | Killed a meat berserker
    84 | D        | Killed a meat berserker
    86 | D        | Noticed a meat berserker
    86 | D        | Killed a wretched soul
    86 | D        | Killed a dread
    86 | D        | Noticed a bag of meat
    87 | D        | Noticed a bag of meat
    87 | D        | Noticed an accursed
    88 | D        | Noticed a bag of meat
    89 | D        | Noticed a bag of meat
    89 | D        | Noticed an accursed
    90 | D        | Noticed a bag of meat
    90 | D        | Noticed a destroyer
    91 | D        | Noticed a meat berserker
    92 | D        | Noticed a meat berserker
    92 | D        | Noticed a wretched soul
    92 | D        | Killed a meat berserker
    94 | D        | Noticed a meat beast
    94 | D        | Noticed a tyrant
    95 | D        | Killed a meat berserker
    96 | D        | Killed a meat berserker
    97 | D        | Killed a meat beast
    97 | D        | Killed a destroyer
    99 | D        | Noticed a tyrant
    99 | D        | Killed a tyrant
    99 | D        | Killed a tyrant
   100 | D        | Noticed a meat berserker
   100 | D        | Killed a wretched soul
   101 | D        | Killed a bag of meat
   101 | D        | Killed a bag of meat
   102 | D        | Noticed an accursed
   102 | D        | Killed an accursed
   104 | D        | Killed a bag of meat
   105 | D        | Noticed a tyrant
   107 | D        | Noticed a bag of meat
   107 | D        | Noticed a tyrant
   107 | D        | Killed a meat berserker
   108 | D        | Killed a bag of meat
   110 | D        | Killed an accursed
   111 | D        | Killed a tyrant
   112 | D        | Noticed a dread
   113 | D        | Killed an accursed
   115 | D        | Noticed a sculptor of flesh
   119 | D        | Killed a bag of meat
   119 | D        | Killed a tyrant
   120 | D        | Noticed a meat berserker
   122 | D        | Noticed a bag of meat
   122 | D        | Noticed a meat beast
   122 | D        | Noticed a bag of meat
   122 | D        | Noticed a meat berserker
   122 | D        | Noticed a destroyer
   122 | D        | Noticed a tyrant
   123 | D        | Noticed a bag of meat
   123 | D        | Noticed a fleshlord
   123 | D        | Killed a meat berserker
   123 | D        | Killed a dread
   124 | D        | Noticed a bag of meat
   125 | D        | Noticed a bag of meat
   125 | D        | Noticed a meat beast
   126 | D        | Killed a meat beast
   127 | D        | Noticed a bag of meat
   127 | D        | Killed a destroyer
   128 | D        | Killed a bag of meat
   128 | D        | Killed a meat berserker
   128 | D        | Noticed a fleshlord
   129 | D        | Noticed a meat beast
   130 | D        | Noticed a tyrant
   131 | D        | Noticed a bag of meat
   132 | D        | Noticed a fleshlord
   132 | D        | Killed a bag of meat
   133 | D        | Noticed a dread
   133 | D        | Killed a meat beast
   134 | D        | Noticed a fleshlord
   134 | D        | Killed a fleshlord
   135 | D        | Noticed a fleshlord
   135 | D        | Noticed a bag of meat
   135 | D        | Killed a fleshlord
   137 | D        | Killed a bag of meat
   137 | D        | Killed a fleshlord
   138 | D        | Killed a bag of meat
   139 | D        | Killed a bag of meat
   140 | D        | Noticed a wretched soul
   140 | D        | Killed a tyrant
   141 | D        | Noticed a meat berserker
   141 | D        | Noticed a meat beast
   141 | D        | Killed a fleshlord
   141 | D        | Killed a meat beast
   142 | D        | Noticed a meat beast
   143 | D        | Killed a sculptor of flesh
   144 | D        | Killed a bag of meat
   146 | D        | Noticed a destroyer
   146 | D        | Killed a meat beast
   148 | D        | Noticed a meat berserker
   148 | D        | Killed a meat berserker
   150 | D        | Killed a tyrant
   152 | D        | Killed a bag of meat
   152 | D        | Noticed a meat beast
   153 | D        | Noticed a fleshlord
   153 | D        | Noticed a bag of meat
   153 | D        | Noticed a bag of meat
   153 | D        | Noticed a wretched soul
   154 | D        | Noticed an eight-headed meat hydra
   154 | D        | Noticed a meat berserker
   154 | D        | Killed a wretched soul
   154 | D        | Killed a meat berserker
   154 | D        | Killed a dread
   155 | D        | Killed a bag of meat
   156 | D        | Noticed a bag of meat
   156 | D        | Killed a destroyer
   157 | D        | Noticed a meat berserker
   157 | D        | Noticed a tyrant
   157 | D        | Killed a bag of meat
   157 | D        | Killed a meat beast
   158 | D        | Killed a fleshlord
   158 | D        | Noticed a fleshlord
   159 | D        | Killed a bag of meat
   159 | D        | Killed a meat berserker
   160 | D        | Noticed a fleshlord
   160 | D        | Killed a meat berserker
   161 | D        | Killed an eight-headed meat hydra
   163 | D        | Killed a bag of meat
   164 | D        | Killed a meat beast
   168 | D        | Noticed a destroyer
   168 | D        | Killed a fleshlord
   169 | D        | Killed a wretched soul
   171 | D        | Noticed a meat berserker
   171 | D        | Killed a fleshlord
   171 | D        | Killed a destroyer
   175 | D        | Killed a tyrant
   177 | D        | Killed a meat berserker
   178 | D        | Noticed a fleshlord
   179 | D        | Noticed a bag of meat
   180 | D        | Noticed an observer
   180 | D        | Noticed a meat berserker
   182 | D        | Noticed a meat berserker
   185 | D        | Noticed a sculptor of flesh
   185 | D        | Noticed a fleshlord
   185 | D        | Noticed a bag of meat
   185 | D        | Annihilated by a fleshlord

Vault maps used:
D:        meatsprint

Action                   |  1- 3 |  4- 6 |  7- 9 | 10-12 | 13-15 | 16-18 | 19-21 | 22-24 | 25-27 || total
-------------------------+-------+-------+-------+-------+-------+-------+-------+-------+-------++-------
Melee: Executioner's axe |     1 |       |       |     1 |     3 |     4 |     6 |    10 |    85 ||   110
  Use: Potion            |       |       |       |       |       |       |       |       |     1 ||     1
 Stab: Distracted        |       |       |       |       |       |       |       |       |     1 ||     1
